 Dungeon Crawl Stone Soup version 0.31.0-2-g5a2aebc5c2 (webtiles) character file.

Game seed: 3515953025514059996

1322 howech the Chopper (level 8, -1/70 HPs)
             Began as a Minotaur Berserker on Jan 21, 2024.
             Was a Priest of Trog.
             Slain by a bullfrog (3 damage)
             ... on level 7 of the Dungeon.
             The game lasted 00:11:13 (5671 turns).

howech the Chopper (Minotaur Berserker)             Turns: 5671, Time: 00:11:14

Health: -1/70      AC: 12    Str: 23    XL:     8   Next: 33%
Magic:  7/7        EV:  6    Int:  6    God:    Trog [***...]
Gold:   392        SH:  8    Dex:  9    Spells: 7/7 levels left

rFire   . . .        r - +2 war axe (pain)
rCold   . . .        w - +0 kite shield
rNeg    . . .        E - +0 plate armour
rPois   .            (helmet restricted)
rElec   .            (no cloak)
rCorr   .            (no gloves)
SInv    .            (no boots)
Will    .....        (no amulet) Stlth
                     (no ring)
HPRegen 0.31/turn    (no ring)
MPRegen 0.10/turn

%: no passive effects
@: on berserk cooldown, slowed, very slow
A: horns 2, retaliatory headbutt
a: Renounce Religion, Berserk, Trog's Hand


You were on level 7 of the Dungeon.
You worshipped Trog.
Trog was most pleased with you.
You visited 1 branch of the dungeon, and saw 7 of its levels.

You collected 392 gold pieces.

Inventory:

Hand Weapons
 a - a +0 hand axe
 r - a +2 war axe of pain (weapon)
Missiles
 j - 6 poisoned darts (quivered)
Armour
 b - a +0 animal skin
 k - a +0 scale mail
 o - a +0 cloak
 v - a +0 chain mail
 w - a +0 kite shield (worn)
 E - a +0 plate armour (worn)
Talismans
 z - a serpent talisman
Wands
 p - a wand of charming (10)
 u - a wand of polymorph (10)
Scrolls
 d - 2 scrolls of poison {unknown}
 f - 2 scrolls of teleportation {unknown}
 h - 5 scrolls of identify {unknown}
 i - a scroll of immolation {unknown}
 m - 2 scrolls of amnesia {unknown}
 s - a scroll of revelation {unknown}
 x - a scroll of fear {unknown}
 y - a scroll of blinking {unknown}
 C - a scroll of vulnerability {unknown}
 D - 2 scrolls of noise {unknown}
 G - a scroll of enchant weapon {unknown}
Potions
 c - 2 potions of mutation {unknown}
 e - 3 potions of might {unknown}
 g - 2 potions of brilliance {unknown}
 l - 4 potions of curing {unknown}
 n - a potion of berserk rage {unknown}
 q - a potion of ambrosia {unknown}
 t - 4 potions of heal wounds {unknown}
 A - a potion of lignification {unknown}
 B - a potion of resistance {unknown}
 F - a potion of enlightenment {unknown}


   Skills:
 + Level 5.6 Fighting
 * Level 7.2 Axes
 + Level 3.3 Throwing
 + Level 4.9 Armour
 + Level 4.3 Dodging
 + Level 3.8 Shields
 + Level 2.9 Evocations


You had 7 spell levels left.
You didn't know any spells.
Your spell library was empty.

Dungeon Overview and Level Annotations

Branches:
Dungeon (7/15)
 Temple: D:4-7

Altars:
Ashenzari
Cheibriados
Qazlal
Ru
Trog
Vehumet
Yredelemnul
Zin

Annotations:
D:3 1 runed translucent door, Natasha; Strat's ghost, amateur MiFi


Innate Abilities, Weirdness & Mutations

You have a pair of horns on your head.
You reflexively headbutt those who attack you in melee.


Message History

The kobold brigand hits you but does no damage.
The bullfrog gives a loud, deep croak!
You hit the kobold brigand.
Your headbutt misses the kobold brigand.
The kobold brigand is almost dead.
You barely miss the kobold. x2; You slash the kobold!
You kill the kobold!
Trog accepts your kill.
You hit the gnoll sergeant. The kobold hits you with a +0 club.
The kobold hits you with a +0 dagger.
The gnoll sergeant hits you with a +0 trident.
* * * LOW HITPOINT WARNING * * *
The kobold brigand hits you but does no damage.
The gnoll sergeant closely misses you. You block the kobold's attack. x2
The kobold brigand hits you but does no damage.
You barely miss the kobold brigand.
The kobold brigand is almost dead.
You hit the kobold. You barely miss the kobold.
You hit the gnoll sergeant but do no damage.
You block the kobold's attack. x2; The gnoll sergeant barely misses you.
The kobold brigand hits you but does no damage.
The gnoll sergeant hits you with a +0 trident!
* * * LOW HITPOINT WARNING * * *
The kobold closely misses you. You furiously retaliate!
You headbutt the kobold.
You kill the kobold!
Trog accepts your kill. The kobold hits you but does no damage.
The kobold brigand barely misses you. You furiously retaliate!
You headbutt the kobold brigand!
You kill the kobold brigand!
Trog accepts your kill.
You hit the gnoll sergeant but do no damage.
The gnoll sergeant is heavily wounded.
You hit the kobold.
You kill the kobold!
Trog accepts your kill.
You barely miss the bullfrog. The bullfrog hits you.
* * * LOW HITPOINT WARNING * * *
The gnoll sergeant barely misses you. The bullfrog hits you.
You die...

..............
.............
............
...........
....(..... .........
.....>..#########
......)F).......#...#
......)@#^......#...#
......g)#.......#...#
....>...#.......#...#
........#.......#...#
........#......##...#
........#.))...##...#
........#......##...#
........#...........#
#...........#


You could see a gnoll sergeant and a bullfrog.

Vanquished Creatures
  A sky beast (D:6)
  An ogre (D:5)
  A centaur (D:5)
  A kobold brigand (D:7)
  2 scorpions
  A howler monkey (D:4)
  4 bombardier beetles
  A gnoll bouda (D:6)
  2 hounds (D:4)
  A jelly (D:6)
  Crazy Yiuf (D:2)
  Ijyb (D:3)
  Terence (D:3)
  6 iguanas
  A sleepcap (D:6)
  Robin (D:3)
  12 gnolls
  9 adders
  3 dart slugs
  A ribbon worm (D:2)
  19 orcs
  6 bats
  5 endoplasms
  2 giant cockroaches
  13 goblins
  9 hobgoblins
  3 jackals (D:2)
  9 kobolds
  4 quokkas
  10 ball pythons
  5 frilled lizards
  2 rats (D:3)
138 creatures vanquished.

Notes
Turn   | Place    | Note
-------+----------+-------------------------------------------
     0 | D:1      | howech the Minotaur Berserker began the quest for the Orb.
     0 | D:1      | Reached XP level 1. HP: 19/19 MP: 0/0
   260 | D:1      | Reached XP level 2. HP: 26/27 MP: 1/1
   657 | D:2      | Reached skill level 4 in Axes
   720 | D:2      | Found a bloodstained altar of Trog.
   802 | D:2      | Reached skill level 1 in Shields
   802 | D:2      | Reached XP level 3. HP: 30/33 MP: 2/2
   817 | D:2      | Reached ** piety under Trog
  1246 | D:2      | Identified the +12 short sword "Seavoh" {heavy, ^Fragile
                  | rF+ Str+3}
  1310 | D:2      | Found a runed translucent door.
  1311 | D:2      | Noticed Crazy Yiuf
  1318 | D:2      | Killed Crazy Yiuf
  1319 | D:2      | Reached skill level 1 in Throwing
  1319 | D:2      | Reached skill level 1 in Evocations
  1319 | D:2      | Reached XP level 4. HP: 40/40 MP: 3/3
  1666 | D:3      | Noticed Terence
  1666 | D:3      | Found a basalt altar of Yredelemnul.
  1677 | D:3      | Killed Terence
  1687 | D:3      | Reached XP level 5. HP: 24/46 MP: 4/4
  1801 | D:3      | Found a runed translucent door.
  1801 | D:3      | Noticed Strat's ghost (amateur MiFi)
  1837 | D:3      | Reached skill level 5 in Axes
  1883 | D:3      | Found a stormy altar of Qazlal.
  2054 | D:3      | Noticed Ijyb
  2066 | D:3      | Noticed Natasha
  2067 | D:3      | Killed Ijyb
  2254 | D:3      | Noticed Robin
  2264 | D:3      | Reached XP level 6. HP: 53/53 MP: 5/5
  2270 | D:3      | Killed Robin
  2499 | D:4      | Reached *** piety under Trog
  3296 | D:4      | Reached XP level 7. HP: 53/60 MP: 6/6
  3406 | D:4      | Reached skill level 6 in Axes
  3484 | D:5      | Entered Level 5 of the Dungeon
  3805 | D:5      | Reached skill level 5 in Fighting
  4019 | D:5      | Found a broken altar of Ashenzari.
  4145 | D:5      | Found a snail-covered altar of Cheibriados.
  4156 | D:5      | Found a sacrificial altar of Ru.
  4748 | D:6      | Reached XP level 8. HP: 69/69 MP: 7/7
  4791 | D:6      | Found a glowing silver altar of Zin.
  5143 | D:6      | Reached skill level 7 in Axes
  5526 | D:6      | Found a radiant altar of Vehumet.
  5671 | D:7      | HP: 2/70 [bullfrog (6)]
  5671 | D:7      | Slain by a bullfrog

Illustrated notes

Levels and vault maps discovered:
D:1:      wander_arrival_fairy_ring, layout_loops_ring,
          chequers_serial_rivers_micro_d, minmay_crystal_water
D:2:      minmay_spotlight, layout_loops_corners, basic_altar, chequers_avenue,
          nrook_mini_vaults, kennysheep_decorative_pillar, minivault_14,
          grunt_ministairs_13, uniq_crazy_yiuf_cottage
D:3:      layout_rooms, nicolae_overflow_hidden_temple,
          mainiacjoe_overflow_chevrons, gammafunk_ghost_grave,
          kennysheep_path_1, minivault_4, minmay_strange_pillars,
          kennysheep_potato, uniq_terence, uniq_natasha, uniq_ijyb, uniq_robin
D:4:      layout_gridville, palyth_stone_intersect, kennysheep_generic_room_11
D:5:      layout_cave_pods, ashenzari_conservatory_becter, minitemple,
          nrook_uturn
D:6:      layout_cave_pods, lemuel_coloured_pillars_altar,
          mainiacjoe_overflow_alcove_2, minmay_misc_feat_cross
D:7:      layout_gridville, old_standard_altar, minmay_temple_entry_trees,
          minivault_26

Skill      XL: |  1  2  3  4  5  6  7  8 |
---------------+-------------------------+-----
Axes           | 4 5 6 7 |  7.2
Shields        | 1 2 3 |  3.8
Fighting       | 4 5 |  5.6
Throwing       | 1 2 3 |  3.3
Evocations     | 1 2 |  2.9
Armour         | 3 4 |  4.9
Dodging        | 3 4 |  4.3

Action                     |  1- 3 |  4- 6 |  7- 9 || total
---------------------------+-------+-------+-------++-------
  Melee: Hand axe          |    61 |    34 |       ||    95
         Headbutt          |     8 |    17 |    15 ||    40
         War axe           |       |    85 |    78 ||   163
         Unarmed           |       |     5 |       ||     5
 Invoke: Trog's Hand       |     1 |     3 |     2 ||     6
         Berserk           |     1 |     1 |     3 ||     5
 Armour: Animal skin       |     4 |       |       ||     4
         Scale mail        |    41 |    30 |       ||    71
         Chain mail        |       |    63 |     4 ||    67
         Plate armour      |       |       |   102 ||   102
  Dodge: Dodged            |    33 |    69 |    40 ||   142
  Block: Kite shield       |       |    14 |    53 ||    67
